NYP
STATE COLLEGE SPIKES @ WEST VIRGINIA BLACK BEARS
09/14/2048
 
TOP OF THE 1ST
State College Spikes batting - Pitching for West Virginia Black Bears : LHP Alfredo Carranza
Pitching: LHP Alfredo Carranza
Batting: RHB Bobby Miles 0-0: Ball
1-0: Ball
2-0: Ball
3-0: Called Strike
3-1: Base on Balls
Batting: RHB Josh Broome 0-0: Foul Ball, location: 2F
0-1: Ball
Bobby Miles steals 2nd base
1-1: Ball
2-1: Foul Ball, location: 2F
2-2: Strikes out swinging
Batting: RHB Kyle Burns 0-0: Called Strike
0-1: Ball
1-1: Swinging Strike
1-2: Foul Ball, location: 2F
1-2: Foul Ball, location: 2F
1-2: Strikes out swinging
Batting: LHB Keith Rice 0-0: Foul Ball, location: 2F
0-1: Ball
1-1: Ball
2-1: Ball
3-1: DOUBLE (Line Drive, 89D, EV 111.9 MPH)
Bobby Miles scores
Batting: RHB Edgar Landim 0-0: Swinging Strike
0-1: Foul Ball, location: 2F
0-2: Ball
1-2: Strikes out swinging
Top of the 1st over - 1 run, 1 hit, 0 errors, 1 left on base; State College 1 - West Virginia 0
BOTTOM OF THE 1ST
West Virginia Black Bears batting - Pitching for State College Spikes : RHP Derrick Easley
Pitching: RHP Derrick Easley
Batting: RHB Melvin Durland 0-0: Ball
1-0: TRIPLE (Flyball, 78XD, EV 100.6 MPH)
Batting: RHB Dave Fredericks 0-0: Ball
1-0: Foul Ball, location: 2F
1-1: Foul Ball, location: 2F
1-2: Ground out U3 (Groundball, 3, EV 103.1 MPH)
Batting: RHB Alain Marquet 0-0: Called Strike
0-1: Foul Ball, location: 2F
0-2: Ball
1-2: Ball
Wild Pitch!
Melvin Durland scores
2-2: Ball
3-2: Fly out, F8 (Flyball, 78D, EV 106.2 MPH)
Batting: LHB Norm Silveira-Wray 0-0: Called Strike
0-1: Ball
1-1: Swinging Strike
1-2: Ball
2-2: Strikes out swinging
Bottom of the 1st over - 1 run, 1 hit, 0 errors, 0 left on base; State College 1 - West Virginia 1
TOP OF THE 2ND
State College Spikes batting - Pitching for West Virginia Black Bears : LHP Alfredo Carranza
Batting: RHB Alex Melgoza 0-0: Ball
1-0: Ball
2-0: Foul Ball, location: 2F
2-1: Foul Ball, location: 2F
2-2: Strikes out looking
Batting: RHB Richard Riggs 0-0: Ball
1-0: Called Strike
1-1: Swinging Strike
1-2: Ball
2-2: Ball
3-2: Foul Ball, location: 2F
3-2: Strikes out looking
Batting: RHB Ben Politi 0-0: Called Strike
0-1: Ball
1-1: Hit by Pitch
Batting: LHB Dwain Ashford 0-0: Ball
1-0: Swinging Strike
1-1: Foul Ball, location: 2F
1-2: Strikes out swinging
Top of the 2nd over - 0 runs, 0 hits, 0 errors, 1 left on base; State College 1 - West Virginia 1
BOTTOM OF THE 2ND
West Virginia Black Bears batting - Pitching for State College Spikes : RHP Derrick Easley
Batting: SHB Don Hauk 0-0: Ground out 6-3 (Groundball, 6M, EV 85.6 MPH)
Batting: RHB Chris Beckham 0-0: Ground out 6-3 (Groundball, 6, EV 101.2 MPH)
Batting: RHB Brian Moore 0-0: Ball
1-0: Called Strike
1-1: Ball
2-1: Ball
3-1: Foul Ball, location: 2F
3-2: Foul Ball, location: 2F
3-2: Foul Ball, location: 2F
3-2: Ground out 4-3 (Groundball, 4M, EV 86.2 MPH)
Bottom of the 2nd over - 0 runs, 0 hits, 0 errors, 0 left on base; State College 1 - West Virginia 1
TOP OF THE 3RD
State College Spikes batting - Pitching for West Virginia Black Bears : LHP Alfredo Carranza
Batting: RHB Bobby Miles 0-0: Called Strike
0-1: Ball
1-1: Ball
2-1: Ball
3-1: Foul Ball, location: 2F
3-2: Strikes out swinging
Batting: RHB Josh Broome 0-0: Foul Ball, location: 2F
0-1: Foul Ball, location: 2F
0-2: Foul Ball, location: 2F
0-2: Foul Ball, location: 2F
0-2: Foul Ball, location: 2F
0-2: Strikes out swinging
Batting: RHB Kyle Burns 0-0: Swinging Strike
0-1: Ball
1-1: Foul Ball, location: 2F
1-2: Foul Ball, location: 2F
1-2: Ball
2-2: Strikes out swinging
Top of the 3rd over - 0 runs, 0 hits, 0 errors, 0 left on base; State College 1 - West Virginia 1
BOTTOM OF THE 3RD
West Virginia Black Bears batting - Pitching for State College Spikes : RHP Derrick Easley
Batting: RHB John Goynes 0-0: Ball
1-0: Ball
2-0: Swinging Strike
2-1: Called Strike
2-2: Strikes out swinging
Batting: RHB Terry Sutherland 0-0: Fly out, F2 (Popup, 2RF, EV 90.0 MPH)
Batting: RHB Melvin Durland 0-0: Foul Ball, location: 2F
0-1: Ball
1-1: Foul Ball, location: 2F
1-2: Foul Ball, location: 2F
1-2: Foul Ball, location: 2F
1-2: SINGLE (Line Drive, 34, EV 99.4 MPH)
Batting: RHB Dave Fredericks 0-0: Ball
Melvin Durland steals 2nd, throwing error, E2
Melvin Durland to third
1-0: Ball
2-0: SINGLE (Groundball, 6MS, EV 84.4 MPH) (infield hit)
Melvin Durland scores
Batting: RHB Alain Marquet 0-0: Foul Ball, location: 2F
0-1: Ball
1-1: Foul Ball, location: 2F
1-2: Strikes out looking
Bottom of the 3rd over - 1 run, 2 hits, 1 error, 1 left on base; State College 1 - West Virginia 2
TOP OF THE 4TH
State College Spikes batting - Pitching for West Virginia Black Bears : LHP Alfredo Carranza
Batting: LHB Keith Rice 0-0: Ball
1-0: Foul Ball, location: 2F
1-1: Ball
2-1: Ball
3-1: Base on Balls
Batting: RHB Edgar Landim 0-0: Foul Ball, location: 2F
0-1: Ball
Wild Pitch!
Keith Rice to second
1-1: Foul Ball, location: 2F
1-2: Strikes out swinging
Batting: RHB Alex Melgoza 0-0: Swinging Strike
0-1: Foul Ball, location: 2F
0-2: Ball
1-2: Foul Ball, location: 2F
1-2: 2-RUN HOME RUN (Flyball, 7LD, EV 96.9 MPH), Distance : 376 ft
Batting: RHB Richard Riggs 0-0: Ball
1-0: Ground out 4-3 (Groundball, 34, EV 91.9 MPH)
Batting: RHB Ben Politi 0-0: Ball
1-0: Called Strike
1-1: Swinging Strike
1-2: Ball
2-2: Strikes out swinging
Top of the 4th over - 2 runs, 1 hit, 0 errors, 0 left on base; State College 3 - West Virginia 2
BOTTOM OF THE 4TH
West Virginia Black Bears batting - Pitching for State College Spikes : RHP Derrick Easley
Batting: LHB Norm Silveira-Wray 0-0: Ball
1-0: Ball
2-0: Foul Ball, location: 2F
2-1: Swinging Strike
2-2: Foul Ball, location: 2F
2-2: Foul Ball, location: 2F
2-2: Strikes out swinging
Batting: SHB Don Hauk 0-0: Foul Ball, location: 2F
0-1: Foul Ball, location: 2F
0-2: Ball
1-2: Ball
2-2: Ball
3-2: Strikes out swinging
Batting: RHB Chris Beckham 0-0: Called Strike
0-1: Ground out 4-3 (Groundball, 4S, EV 88.1 MPH)
Bottom of the 4th over - 0 runs, 0 hits, 0 errors, 0 left on base; State College 3 - West Virginia 2
TOP OF THE 5TH
State College Spikes batting - Pitching for West Virginia Black Bears : LHP Alfredo Carranza
Batting: LHB Dwain Ashford 0-0: Ball
1-0: Ground out 3-1 (Groundball, 34S, EV 90.6 MPH)
Pitching: RHP Xavier Stovall
Batting: RHB Bobby Miles 0-0: Called Strike
0-1: Ball
1-1: Ball
2-1: Ball
3-1: Foul Ball, location: 2F
3-2: Base on Balls
Batting: RHB Josh Broome 0-0: Called Strike
Bobby Miles steals 2nd base
0-1: Fly out, F9 (Line Drive, 9LM, EV 94.4 MPH)
Batting: RHB Kyle Burns 0-0: Ball
1-0: Ball
2-0: Ball
3-0: Base on Balls
Batting: LHB Keith Rice 0-0: Swinging Strike
0-1: Ball
1-1: Ball
2-1: Foul Ball, location: 2F
2-2: Foul Ball, location: 2F
2-2: Fly out, F9 (Line Drive, 9S, EV 90.6 MPH)
Top of the 5th over - 0 runs, 0 hits, 0 errors, 2 left on base; State College 3 - West Virginia 2
BOTTOM OF THE 5TH
West Virginia Black Bears batting - Pitching for State College Spikes : RHP Derrick Easley
Batting: RHB Brian Moore 0-0: Called Strike
0-1: Ball
1-1: Ground out 6-3 (Groundball, 6, EV 103.8 MPH)
Batting: RHB John Goynes 0-0: Fly out, F9 (Flyball, 89M, EV 71.2 MPH)
Batting: RHB Terry Sutherland 0-0: Ball
1-0: Swinging Strike
1-1: Ball
2-1: Fly out, F8 (Flyball, 8LD, EV 90.6 MPH)
Bottom of the 5th over - 0 runs, 0 hits, 0 errors, 0 left on base; State College 3 - West Virginia 2
TOP OF THE 6TH
State College Spikes batting - Pitching for West Virginia Black Bears : RHP Xavier Stovall
Batting: RHB Edgar Landim 0-0: Ball
1-0: Ball
2-0: Ball
3-0: Base on Balls
Pitching: RHP Frank Morris
Batting: RHB Alex Melgoza 0-0: Foul Ball, location: 2F
0-1: Ball
1-1: Ball
2-1: Ball
3-1: Base on Balls
Edgar Landim to second
Batting: RHB Richard Riggs 0-0: Ball
1-0: Grounds into double play, 6-4-3 (Groundball, 6M, EV 85.6 MPH)
Edgar Landim to third
Batting: RHB Ben Politi 0-0: Swinging Strike
0-1: SINGLE (Groundball, 34S, EV 68.8 MPH) (infield hit)
Edgar Landim scores
Batting: LHB Dwain Ashford 0-0: Ball
Balk!
Ben Politi to second
1-0: SINGLE (Line Drive, 34, EV 96.9 MPH)
Ben Politi to third
Runner from 3rd tries for Home, SAFE, throw by RF to home
Batting: RHB Bobby Miles 0-0: Ball
1-0: SINGLE (Groundball, 56S, EV 75.0 MPH) (infield hit)
Dwain Ashford to second
Batting: RHB Josh Broome 0-0: SINGLE (Groundball, 56S, EV 69.4 MPH) (infield hit)
Dwain Ashford to third
Bobby Miles to second
Batting: RHB Kyle Burns 0-0: Ball
1-0: Fly out, F5 (Popup, 5SF, EV 80.6 MPH)
Top of the 6th over - 2 runs, 4 hits, 0 errors, 3 left on base; State College 5 - West Virginia 2
BOTTOM OF THE 6TH
West Virginia Black Bears batting - Pitching for State College Spikes : RHP Derrick Easley
Batting: RHB Melvin Durland 0-0: Ball
1-0: Foul Ball, location: 2F
1-1: Called Strike
1-2: Strikes out swinging
Batting: RHB Dave Fredericks 0-0: Foul Ball, location: 2F
0-1: SINGLE (Line Drive, 56, EV 100.6 MPH)
Batting: RHB Alain Marquet 0-0: Ball
Dave Fredericks is caught stealing 2nd base 2-4
1-0: Ball
2-0: Ground out 4-3 (Groundball, 4, EV 82.5 MPH)
Bottom of the 6th over - 0 runs, 1 hit, 0 errors, 0 left on base; State College 5 - West Virginia 2
TOP OF THE 7TH
State College Spikes batting - Pitching for West Virginia Black Bears : RHP Frank Morris
Batting: LHB Keith Rice 0-0: Ball
1-0: Ball
2-0: DOUBLE (Line Drive, 7LS, EV 107.5 MPH)
Batting: RHB Edgar Landim 0-0: Ball
1-0: Called Strike
1-1: Ground out 6-3 (Groundball, 6, EV 101.9 MPH)
Batting: RHB Alex Melgoza 0-0: Foul Ball, location: 2F
0-1: Ball
1-1: Ball
2-1: Ball
3-1: Foul Ball, location: 2F
3-2: Foul Ball, location: 2F
3-2: Base on Balls
Pitching: RHP Hitoshi Yoshihara
Batting: RHB Richard Riggs 0-0: Called Strike
0-1: Called Strike
0-2: Ball
1-2: Strikes out looking
Batting: RHB Ben Politi 0-0: Foul Ball, location: 2F
0-1: Called Strike
0-2: Ground out U3 (Groundball, 3, EV 101.2 MPH)
Top of the 7th over - 0 runs, 1 hit, 0 errors, 2 left on base; State College 5 - West Virginia 2
BOTTOM OF THE 7TH
West Virginia Black Bears batting - Pitching for State College Spikes : RHP Derrick Easley
Batting: LHB Norm Silveira-Wray 0-0: Called Strike
0-1: Ball
1-1: Ball
2-1: Called Strike
2-2: Foul Ball, location: 2F
2-2: Fly out, F8 (Flyball, 8RD, EV 100.0 MPH)
Batting: SHB Don Hauk 0-0: Swinging Strike
0-1: Foul Ball, location: 2F
0-2: Foul Ball, location: 2F
0-2: Ball
1-2: Ball
2-2: Ball
3-2: Strikes out swinging
Batting: RHB Chris Beckham 0-0: Ball
1-0: Ball
2-0: Ground out 6-3 (Groundball, 6, EV 78.1 MPH)
Bottom of the 7th over - 0 runs, 0 hits, 0 errors, 0 left on base; State College 5 - West Virginia 2
TOP OF THE 8TH
State College Spikes batting - Pitching for West Virginia Black Bears : RHP Hitoshi Yoshihara
Batting: LHB Dwain Ashford 0-0: SINGLE (Line Drive, 34D, EV 96.9 MPH)
Batting: RHB Bobby Miles 0-0: Called Strike
0-1: Ball
1-1: Swinging Strike
1-2: Foul Ball, location: 2F
1-2: Ball
2-2: Fly out, F4 (Popup, 34S, EV 76.9 MPH)
Batting: RHB Josh Broome 0-0: Ball
1-0: Ball
2-0: Called Strike
2-1: DOUBLE (Groundball, 5L, EV 98.8 MPH)
Dwain Ashford to third
Batting: RHB Kyle Burns 0-0: Called Strike
0-1: Swinging Strike
0-2: Ball
Wild Pitch!
Dwain Ashford scores
Josh Broome to third
1-2: Ball
2-2: Foul Ball, location: 2F
2-2: Ball
3-2: Base on Balls
Batting: LHB Keith Rice 0-0: Ball
1-0: Ball
2-0: Ball
3-0: Called Strike
3-1: Called Strike
3-2: Foul Ball, location: 2F
3-2: Foul Ball, location: 2F
3-2: Fly out, F9 (Flyball, 9, EV 88.8 MPH)
Runner from 3rd tags up, SCORES, no throw by RF
Pitching: RHP Pat Hall
Batting: RHB Edgar Landim 0-0: Ball
1-0: Swinging Strike
1-1: Ball
2-1: Ball
3-1: Foul Ball, location: 2F
3-2: Base on Balls
Kyle Burns to second
Batting: RHB Alex Melgoza 0-0: Ball
1-0: Called Strike
1-1: Foul Ball, location: 2F
1-2: Strikes out swinging
Top of the 8th over - 2 runs, 2 hits, 0 errors, 2 left on base; State College 7 - West Virginia 2
BOTTOM OF THE 8TH
West Virginia Black Bears batting - Pitching for State College Spikes : RHP Derrick Easley
Pitching: RHP Howie Seidler
Batting: RHB Brian Moore 0-0: Called Strike
0-1: Ball
1-1: Ball
2-1: Swinging Strike
2-2: Reached on error, E4 (Groundball, 4, EV 86.9 MPH)
Batting: RHB John Goynes 0-0: Ball
1-0: Ball
2-0: Ball
3-0: Called Strike
3-1: Called Strike
3-2: Strikes out swinging
Batting: RHB Terry Sutherland 0-0: Ball
1-0: Foul Ball, location: 2F
1-1: Foul Ball, location: 2F
1-2: Foul Ball, location: 2F
1-2: Ball
Wild Pitch!
Brian Moore to third
2-2: Strikes out swinging
Batting: RHB Melvin Durland 0-0: Ball
1-0: Swinging Strike
1-1: Ball
2-1: Ball
3-1: Base on Balls
Batting: RHB Dave Fredericks 0-0: Ball
1-0: Ball
2-0: Foul Ball, location: 2F
2-1: Foul Ball, location: 2F
2-2: Ball
3-2: Strikes out swinging
Bottom of the 8th over - 0 runs, 0 hits, 1 error, 2 left on base; State College 7 - West Virginia 2
TOP OF THE 9TH
State College Spikes batting - Pitching for West Virginia Black Bears : RHP Pat Hall
Pitching: RHP Joe Simanton
Pinch Hitting: SHB Jorge Brito 0-0: Ball
1-0: Ball
2-0: Ball
3-0: Base on Balls
Batting: RHB Ben Politi 0-0: Called Strike
0-1: Ball
1-1: Ball
2-1: Fly out, F9 (Flyball, 9S, EV 86.2 MPH)
Batting: LHB Dwain Ashford 0-0: Called Strike
0-1: Called Strike
0-2: Ball
1-2: Strikes out swinging
Batting: RHB Bobby Miles 0-0: Ball
1-0: Ball
2-0: Called Strike
2-1: Swinging Strike
2-2: Ball
3-2: Ground out 6-3 (Groundball, 6, EV 82.5 MPH)
Top of the 9th over - 0 runs, 0 hits, 0 errors, 1 left on base; State College 7 - West Virginia 2
BOTTOM OF THE 9TH
West Virginia Black Bears batting - Pitching for State College Spikes : RHP Howie Seidler
Now at SS: Robby Hickman
Batting: RHB Alain Marquet 0-0: Called Strike
0-1: Swinging Strike
0-2: Ground out U3 (Groundball, 34, EV 107.5 MPH)
Batting: LHB Norm Silveira-Wray 0-0: Called Strike
0-1: DOUBLE (Groundball, 3L, EV 98.1 MPH)
Batting: SHB Don Hauk 0-0: Called Strike
0-1: Ball
1-1: SINGLE (Flyball, 89S, EV 91.9 MPH)
Norm Silveira-Wray to third
Batting: RHB Chris Beckham 0-0: Ball
1-0: Fly out, F8 (Flyball, 78S, EV 89.4 MPH)
Pinch Hitting: LHB Dustin Herman 0-0: Ball
1-0: Ball
2-0: Called Strike
2-1: Foul Ball, location: 2F
2-2: Strikes out swinging
Bottom of the 9th over - 0 runs, 2 hits, 0 errors, 2 left on base; State College 7 - West Virginia 2
Tuesday, March 28th , 2023 - OOTP Baseball 23.10 Build 110